 Dungeon Sprint DCSS version 0.21.1-1-g345015fe64 (webtiles) character file.

501 Jannitor the Ruffian (level 6, -1/67 HPs)
             Began as a Troll Monk on June 4, 2018.
             Was a Believer of Ru.
             Slain by a deep troll (11 damage)
             ... in the Dungeon (Sprint I: "Red Sonja").
             The game lasted 00:01:56 (418 turns).

Jannitor the Ruffian (Troll Monk)                    Turns: 418, Time: 00:01:57

Health: -1/67      AC:  5    Str: 22    XL:     6   Next: 95%
Magic:  5/5        EV: 12    Int:  6    God:    Ru [**....]
Gold:   335        SH:  0    Dex: 12    Spells: 5/5 levels left

rFire    . . .     SeeInvis .     - Unarmed
rCold    . . .     Gourm    +   (no shield)
rNeg     . . .     Faith    .   a - +0 robe
rPois    .         Spirit   .   (helmet restricted)
rElec    .         Reflect  .   (no cloak)
rCorr    .         Harm     .   (gloves unavailable)
MR       .....     NoTele   +   (boots unavailable)
Stlth    ++........             (no amulet)
HPRegen  0.61/turn              (no ring)
MPRegen  0.09/turn              (no ring)

@: no status effects
A: large, unfitting armour, claws 3, fast metabolism 3, gourmand, regeneration
1, shaggy fur 1, tough skin 2, unskilled 1
a: Renounce Religion


You were in the Dungeon.
You worshipped Ru.
Ru was pleased with you.
You were very full.

You visited 1 branch You collected 605 gold pieces.
You spent 270 gold pieces at shops.

Inventory:

Armour
 a - a +0 robe (worn)
Wands
 g - a wand of clouds (3)
 i - a wand of random effects (25)
Scrolls
 h - a scroll of blinking
 j - a scroll of immolation {unknown}
Potions
 c - 3 potions of curing
 d - a potion of heal wounds
 e - a potion of haste
 f - 2 potions of magic
Comestibles
 b - 2 rations


   Skills:
 + Level 6.1 Fighting
 + Level 6.1 Dodging
 - Level 4.2 Stealth
 + Level 7.3 Unarmed Combat
 + Level 1.0 Evocations


You had 5 spell levels left.
You didn't know any spells.

Dungeon Overview and Level Annotations

Branches:
Dungeon (1/1)

Altars:
Cheibriados
Dithmenos
Elyvilon
Fedhas
Gozag
Hepliaklqana
Kikubaaqudgha
Nemelex Xobeh
Okawaru
Qazlal
Ru
Sif Muna
Trog
Uskayaw
Vehumet
Wu Jian
Yredelemnul
Zin
The Shining One

Shops:
D (}

Annotations:
D exclusion: 4 doors


Innate Abilities, Weirdness & Mutations

You are too large for most types of armour.
You have claws for hands.
Your metabolism is lightning-fast.
You like to eat raw meat.
Your natural rate of healing is unusually fast.
You are covered in fur. (AC +1)
You have very tough skin. (AC +2)
You are somewhat unskilled. (-1 Apt)


Message History

The deep troll looks even sicker.
You closely miss the deep troll.
The deep troll is lightly wounded.
The deep troll looks even sicker.
The deep troll bites you! The deep troll misses you. The deep troll claws you!
Unknown command.
You claw the deep troll!
The deep troll is moderately wounded.
The deep troll is engulfed in poison gas.
The deep troll looks as sick as possible!
The deep troll bites you! The deep troll misses you. The deep troll claws you!
Unknown command.
You claw the deep troll!
The deep troll is heavily wounded.
The deep troll is engulfed in poison gas.
The deep troll looks as sick as possible!
The deep troll bites you!
* * * LOW HITPOINT WARNING * * *
The deep troll closely misses you. The deep troll claws you!
You die...

#..#####'#####'#
#..####..#...#(#
#..#__####..##(#
#..#_____##'#_.+
#⌠⌠#_.∩...'..._#
####_..__##_.#+#
#_____###'#
############.####+###
#∩^.......'..@T§§§$$+
###++++####...#######
G....####.###
.....G#.#)#.#
#..G..#.....#
....G#..(..#
..#..####### ....G#


You could see a deep troll.

Vanquished Creatures
  Sonja (D)
  Sigmund (D)
  A yak (D)
  An ogre (D)
  A jelly (D)
  Ijyb (D)
  A ballistomycete (D)
  A ballistomycete spore (D)
8 creatures vanquished.

Vanquished Creatures (others)
  4 ballistomycetes (D)
  A ballistomycete spore (D)
5 creatures vanquished.

Grand Total: 13 creatures vanquished

Notes
Turn   | Place    | Note
-------+----------+-------------------------------------------
     0 | D        | Jannitor the Troll Monk began the quest for the Orb.
     0 | D        | Reached XP level 1. HP: 22/22 MP: 0/0
     1 | D        | Noticed Ijyb
    11 | D        | Killed Ijyb
    11 | D        | Reached skill level 4 in Unarmed Combat
    11 | D        | Reached XP level 2. HP: 31/31 MP: 1/1
    12 | D        | Noticed an ogre
    16 | D        | Killed an ogre
    16 | D        | Reached skill level 5 in Unarmed Combat
    16 | D        | Reached XP level 3. HP: 25/40 MP: 2/2
    16 | D        | Reached XP level 4. HP: 31/49 MP: 3/3
    65 | D        | Noticed Sigmund
    77 | D        | Killed Sigmund
    77 | D        | Reached skill level 5 in Fighting
    77 | D        | Reached skill level 5 in Dodging
    77 | D        | Reached skill level 6 in Unarmed Combat
    77 | D        | Reached XP level 5. HP: 18/59 MP: 4/4
   263 | D        | Found a deep blue altar of Sif Muna.
   264 | D        | Found an ornate altar of the Wu Jian Council.
   265 | D        | Found a radiant altar of Vehumet.
   268 | D        | Reached skill level 7 in Unarmed Combat
   268 | D        | Reached XP level 6. HP: 54/67 MP: 5/5
   306 | D        | Found Xuuze's Gadget Emporium.
   306 | D        | Found an ancient bone altar of Kikubaaqudgha.
   306 | D        | Found a hazy altar of Hepliaklqana.
   306 | D        | Found a hide-covered altar of Uskayaw.
   306 | D        | Found a basalt altar of Yredelemnul.
   306 | D        | Found an opulent altar of Gozag.
   306 | D        | Found a snail-covered altar of Cheibriados.
   306 | D        | Found a sacrificial altar of Ru.
   306 | D        | Found a shadowy altar of Dithmenos.
   306 | D        | Noticed a yak
   313 | D        | Killed a yak
   314 | D        | Found a stormy altar of Qazlal.
   314 | D        | Found a blossoming altar of Fedhas.
   314 | D        | Found a bloodstained altar of Trog.
   314 | D        | Found an iron altar of Okawaru.
   314 | D        | Found a glowing golden altar of the Shining One.
   314 | D        | Found a glowing silver altar of Zin.
   314 | D        | Found a white marble altar of Elyvilon.
   315 | D        | Found a sparkling altar of Nemelex Xobeh.
   320 | D        | Became a worshipper of Ru the Awakened
   323 | D        | Bought a wand of clouds (5) for 270 gold pieces
   324 | D        | Gained mutation: You are somewhat unskilled. (-1 Apt) [Ru sacrifice]
   324 | D        | Reduced skill Fighting to level 5
   324 | D        | Reduced skill Dodging to level 5
   324 | D        | Reached * piety under Ru
   324 | D        | Reached ** piety under Ru
   329 | D        | Noticed Sonja
   351 | D        | Killed Sonja
   351 | D        | Reached skill level 1 in Evocations
   389 | D        | Found Lenegara's Antique Weapon Boutique.
   400 | D        | Noticed a floating eye
   400 | D        | Noticed a shining eye
   400 | D        | Noticed a floating eye
   400 | D        | Noticed a shining eye
   400 | D        | Noticed a shining eye
   413 | D        | Noticed a deep troll
   418 | D        | Slain by a deep troll

Skill      XL: |  1  2  3  4  5  6 |
---------------+-------------------+-----
Fighting       | 3 4 5 6 |  6.1
Dodging        | 3 4 5 6 |  6.1
Stealth        | 2 3 4 |  4.2
Unarmed Combat | 4 5 6 7 |  7.3
Evocations     | 1 |  1.0

Action                   |  1- 3 |  4- 6 || total
-------------------------+-------+-------++-------
Melee: Unarmed           |     9 |    26 ||    35
       Punch             |       |     1 ||     1
Invok: Sacrifice Skill   |       |     1 ||     1
Evoke: Wand              |       |     2 ||     2
  Use: Potion            |     1 |       ||     1
 Stab: Confused          |       |     1 ||     1
  Eat: Chunk             |       |     8 ||     8
Armor: Robe              |     1 |       ||     1
Dodge: Dodged            |     4 |    11 ||    15
